 Dungeon Crawl Stone Soup version 0.32-a0-913-g739538afd8 (webtiles) character file.

Game seed: 12284677552472077102

144 grrhawk the Poker (level 5, -2/41 HPs)
             Began as a Formicid Fighter on Apr 9, 2024.
             Slain by Ijyb the hound (5 damage)
             ... on level 3 of the Dungeon.
             The game lasted 00:05:46 (2576 turns).

grrhawk the Poker (Formicid Fighter)                Turns: 2576, Time: 00:05:46

Health: -2/41      AC:  8    Str: 23    XL:     5   Next: 52%
Magic:  5/5        EV:  8    Int:  7    God:
Gold:   138        SH:  4    Dex: 13    Spells: 4/4 levels left

rFire   . . .        a - +0 trident
rCold   . . .        c - +0 buckler
rNeg    . . .        b - +0 scale mail
rPois   .            (helmet unavailable)
rElec   .            (no cloak)
rCorr   .            (no gloves)
SInv    +            e - +0 pair of boots
Will    .....        d - amulet of magic regeneration Stlth
                     (no ring)
HPRegen 0.26/turn    (no ring)
MPRegen 0.49/turn

%: no passive effects
@: no status effects
A: permanent stasis, dig shafts and tunnels, antennae 3, four strong arms
a: Dig, Shaft Self


You were on level 3 of the Dungeon.
You visited 1 branch of the dungeon, and saw 3 of its levels.

You collected 138 gold pieces.

Inventory:

Hand Weapons
 a - a +0 trident (weapon)
Missiles
 p - 12 stones
 q - a throwing net
Armour
 b - a +0 scale mail (worn)
 c - a +0 buckler (worn)
 e - a +0 pair of boots (worn)
Jewellery
 d - an amulet of magic regeneration (around neck)
 l - a ring of fire
Wands
 m - a wand of polymorph (8)
Scrolls
 j - a scroll of brand weapon {unknown}
Potions
 f - a potion of cancellation
 g - a potion of brilliance {unknown}
 h - a potion of lignification {unknown}
 k - a potion of magic {unknown}
 n - a potion of invisibility {unknown}
 o - a potion of curing {unknown}


   Skills:
 - Level 3.3 Fighting
 + Level 5.2 Polearms
 - Level 3.3 Armour
 - Level 4.0 Shields


You had 4 spell levels left.
You didn't know any spells.
Your spell library contained the following spells:

 Spells                   Type           Power      Damage    Failure   Level
 Magic Dart               Conj           0%         1d3       80%         1
 Call Imp                 Summ           0%         N/A       91%         2
 Ensorcelled Hibernation  Hex/Ice        0%         N/A       91%         2
 Fugue of the Fallen      Necr           0%         N/A       99%         3
 Summon Ice Beast         Ice/Summ       0%         N/A       99%         3
 Anguish                  Hex/Necr       0%         N/A       100%        4
 Summon Mana Viper        Hex/Summ       0%         N/A       100%        5
 Monstrous Menagerie      Summ           0%         N/A       100%        7
 Blink                    Tloc           Unusable   N/A       N/A         2

Dungeon Overview and Level Annotations

Branches:
Dungeon (3/15)

Altars:
Beogh

Annotations:
D:3 Ijyb


Innate Abilities, Weirdness & Mutations

You cannot be hasted, slowed, berserked, paralysed or teleported.
You can dig through walls and to a lower floor.
You have a pair of large antennae on your head. (SInv)
Your four strong arms can wield two-handed weapons with a shield.


Message History

Ijyb barely misses you.
Unknown command.
You are confused.
You feel invigorated. Ijyb hits you but does no damage. Ijyb barely misses you.
You bump into the rock wall.
Ijyb hits you but does no damage.
You bump into the rock wall.
You feel less invigorated.
You feel less confused. Ijyb hits you but does no damage.
Ijyb hits you with a +3 dagger of speed.
You hit Ijyb.
Ijyb is moderately wounded.
Ijyb zaps a wand.
Your mind is blasted!
You hit Ijyb.
Ijyb is moderately wounded.
Ijyb barely misses you.
Ijyb screams, "They call me mad!"
Ijyb zaps a wand.
You struggle to resist.
You barely miss Ijyb.
Ijyb is moderately wounded.
Ijyb zaps a wand.
You struggle to resist.
You closely miss Ijyb.
Ijyb is moderately wounded.
Ijyb hits you but does no damage.
You hit Ijyb.
Ijyb is heavily wounded.
Ijyb zaps a wand.
Your mind is blasted!
* * * LOW HITPOINT WARNING * * *
Aiming: Polymorph
Press: ? - help, Shift-Dir - straight line, f - Ijyb
Aim: Ijyb, wielding a +3 dagger of speed, wearing a +0 ring mail and carrying a wand of mindburst (heavily wounded, will become an iguana, a howler monkey, or a hound, chance to affect: 57%) Ijyb evaporates and reforms as a hound!
Ijyb bites you but does no damage.
Unknown command.
Unknown command.
You barely miss Ijyb.
Ijyb is heavily wounded.
You block Ijyb's attack.
You barely miss Ijyb.
Ijyb is heavily wounded.
Ijyb bites you.
You die...

#### #...
#...## #...
#..... #...
....#### #...
......# ####
#.....#
#.....# #h#
#@# # #.#
#.#### #.#
...# #.#
######.######
#.#
#..<.........
#.#
#.#..#.######
#.# #.#..#?#
#.# #.#..#.#
#.# #.#.##.#


You could see Ijyb the hound.

Vanquished Creatures
  Jessica (D:2)
  2 adders (D:3)
  3 dart slugs
  A ribbon worm (D:3)
  6 orcs
  5 endoplasms
  5 giant cockroaches
  10 goblins
  10 hobgoblins
  4 jackals (D:1)
  4 quokkas
  7 ball pythons
  7 bats
  5 frilled lizards
  5 kobolds
  6 rats
81 creatures vanquished.

Notes
Turn   | Place    | Note
-------+----------+-------------------------------------------
     0 | D:1      | grrhawk the Formicid Fighter began the quest for the Orb.
     0 | D:1      | Reached XP level 1. HP: 18/18 MP: 1/1
    90 | D:1      | Reached XP level 2. HP: 24/24 MP: 2/2
   142 | D:1      | Reached skill level 3 in Polearms
   288 | D:1      | Reached XP level 3. HP: 29/29 MP: 3/3
  1251 | D:2      | Reached XP level 4. HP: 25/35 MP: 4/4
  1263 | D:2      | Reached skill level 4 in Polearms
  1693 | D:2      | Found a roughly hewn altar of Beogh.
  1735 | D:2      | Found a faded altar of an unknown god.
  1770 | D:2      | Noticed Jessica
  1772 | D:2      | Killed Jessica
  1824 | D:3      | Reached XP level 5. HP: 41/41 MP: 5/5
  2097 | D:3      | Reached skill level 5 in Polearms
  2550 | D:3      | Noticed Ijyb
  2573 | D:3      | HP: 2/41 [disintegration (14)]
  2574 | D:3      | Ijyb changed into Ijyb the hound
  2574 | D:3      | Noticed Ijyb
  2576 | D:3      | Slain by Ijyb the hound

Illustrated notes

Levels and vault maps discovered:
D:1:      saegor_arrival_simple_c, layout_loops_corners, minmay_close_crescents
D:2:      layout_rooms, hellmonk_ecumenical_altar_defaced_shrine, uniq_jessica
D:3:      layout_basic, uniq_ijyb

Skill      XL: |  1  2  3  4  5 |
---------------+----------------+-----
Polearms       | 3 4 5 |  5.2
Fighting       | |  3.3
Armour         | |  3.3
Shields        | |  4.0

Action                     |  1- 3 |  4- 6 || total
---------------------------+-------+-------++-------
  Melee: Trident           |   102 |   164 ||   266
  Evoke: Wand              |       |     1 ||     1
    Use: Scroll            |     1 |     4 ||     5
         Potion            |       |     3 ||     3
 Armour: Scale mail        |    65 |   119 ||   184
  Dodge: Dodged            |    25 |    50 ||    75
  Block: Buckler           |    18 |    27 ||    45

Table legend: (Time is in decaauts)
 A = Elapsed time spent in this place.
 B = Non-inter-level travel time spent in this place.
 C = Inter-level travel time spent in this place.
 D = Time resting spent in this place.
 E = Time spent auto-exploring this place.
 F = Levels seen in this place.
 G = Mean time per level.
                   A        B        C        D        E       F      G
               +--------+--------+--------+--------+--------+-----+--------+
         Total |   2610 |   2436 |    174 |    318 |   1446 |   3 |  870.0 |
       Dungeon |   2610 |   2436 |    174 |    318 |   1446 |   3 |  870.0 |
               +--------+--------+--------+--------+--------+-----+--------+

Top non-repeatable levels by time:
     D:1: 1292 daAuts
     D:3: 774 daAuts
     D:2: 544 daAuts
